 Dungeon Crawl Stone Soup version 0.24-a0-784-g601f8f6d22 (webtiles) character file.

Game seed: 13534631922997552486, levelgen mode: deterministic

0 Gargoyl the Skirmisher (level 1, -7/19 HPs)
             Began as a Centaur Abyssal Knight on Oct 9, 2019.
             Was a Follower of Lugonu.
             Mangled by a thrashing horror (11 damage)
             ... on level 1 of the Abyss.
             The game lasted 00:00:22 (118 turns).

Gargoyl the Skirmisher (Centaur Abyssal Knight)      Turns: 118, Time: 00:00:22

Health: -7/19      AC:  4    Str: 14    XL:     1   Next: 0%
Magic:  2/2        EV:  9    Int: 11    God:    Lugonu [*.....]
Gold:   9          SH:  0    Dex:  8    Spells: 0/0 levels left

rFire    . . .     SeeInvis .   a - +1 hand axe
rCold    . . .     Gourm    .   (no shield)
rNeg     . . .     Faith    .   b - +0 leather armour
rPois    .         Spirit   .   (no helmet)
rElec    .         Reflect  .   (no cloak)
rCorr    .         Harm     .   (no gloves)
MR       .....                  (no barding)
Stlth    ..........             (no amulet)
HPRegen  0.06/turn              (no ring)
MPRegen  0.08/turn              (no ring)

@: very quick
A: large, hooves 3, deformed body, speed 2, tough skin 3
a: Depart the Abyss, Renounce Religion


You were on level 1 of the Abyss.
You worshipped Lugonu.
Lugonu was aware of your devotion.
You were not hungry.

You visited 0 branches of the dungeon, and saw 0 of its levels.
You visited the Abyss 1 time.

You collected 9 gold pieces.

Inventory:

Hand Weapons
 a - a +1 hand axe (weapon)
Armour
 b - a +0 leather armour (worn)
Comestibles
 c - a ration


   Skills:
 + Level 3.0 Fighting
 + Level 1.7 Axes
 + Level 1.3 Armour
 + Level 0.6 Dodging
 + Level 2.0 Invocations


You couldn't memorise any spells.
You didn't know any spells.
Your spell library was empty.

Dungeon Overview and Level Annotations

Branches:
Dungeon (0/15)

Altars:


Innate Abilities, Weirdness & Mutations

You have hooves in place of feet.
Armour fits poorly on your strangely shaped body.
You cover ground very quickly.
You have extremely tough skin. (AC +3)


Message History

Tentacles burst from the starspawn's body! 2 starspawn tentacles come into view.
The ufetubus barely misses you. The ufetubus hits you. The ufetubus hits you.
The ufetubus hits you but does no damage.
A tentacle flies out from the starspawn's body!
A starspawn tentacle comes into view.
A thrashing horror comes into view.
The thrashing horror tramples you.
You hold your ground!
The thrashing horror barely misses you.
The thrashing horror roars!
A great orb of eyes comes into view.
The thrashing horror tramples you but does no damage.
The thrashing horror tramples you.
* * * LOW HITPOINT WARNING * * *
You stumble backwards!
The thrashing horror roars!
The thrashing horror tramples you!
Ouch! That really hurt!
You die...

...... ..##.ยง
####.###5#.# #.#
##5## .....##.# #
.# #...##.# #
#....##...# # ##
#.... #...# ##.#
# #....
##.####..#....
.#.#.
#....X@.G...# #
.#
#.....#.#.#....#
.. #....##...#
.## #...#....#..#
..#..#.........
##.#.###.####..##
# ## #.. ..# ##
#.#


You could see a great orb of eyes and a thrashing horror.

Vanquished Creatures (others)
  6 starspawn tentacles (Abyss:1)
6 creatures vanquished.

Notes
Turn   | Place    | Note
-------+----------+-------------------------------------------
     0 | Abyss:1  | Gargoyl the Centaur Abyssal Knight began the quest for the
                  | Orb.
     0 | Abyss:1  | Reached XP level 1. HP: 19/19 MP: 2/2
    58 | Abyss:1  | Noticed a quasit
    91 | Abyss:1  | Noticed a tentacled starspawn
   113 | Abyss:1  | Noticed a thrashing horror
   117 | Abyss:1  | Noticed a great orb of eyes
   118 | Abyss:1  | Mangled by a thrashing horror

Levels and vault maps discovered:
Abyss:1:  evilmike_abyss_exit_kraken, evilmike_abyss_exit_chaos

Action                   || total
-------------------------++-------
  Use: Scroll            ||     1
       Potion            ||     1
Armor: Leather armour    ||     2
Dodge: Dodged            ||     2

Table legend:
 A = Non-vault XP
 B = Vault XP
 C = Vault XP percentage of total XP
 D = Non-vault monster count
 E = Vault monster count
 F = Vault count percentage of total count
                 A         B        C        D         E       F
            +---------+---------+-------+---------+---------+-------
      Total |       0 |       0 |   N/A |       0 |       0 |  -nan
            +---------+---------+-------+---------+---------+-------
            +---------+---------+-------+---------+---------+-------
